| TOP OF THE 1ST |
|
Gwinnett Braves batting - Pitching for Indianapolis Indians : RHP Walt Quinn
|
|
Pitching: RHP Walt Quinn
|
|
|
Batting: LHB Davey Schonewille
|
0-0: Foul Ball, location: 2F 0-1: Ball 1-1: Foul Ball, location: 2F 1-2: Ball 2-2: Ball 3-2: Ground out 6-3 (Groundball, 6M, EV 85.0 MPH)
|
|
Batting: RHB Luis Revilla
|
0-0: Ball 1-0: Ball 2-0: Bunt for hit to 2R - play at first, batter OUT! 2-3
|
|
Batting: RHB Bill Turnbull
|
0-0: Ball 1-0: Foul Ball, location: 2F 1-1: Ball 2-1: Foul Ball, location: 2F 2-2: Strikes out swinging
|
| Top of the 1st over - 0 runs, 0 hits, 0 errors, 0 left on base; Gwinnett 0 - Indianapolis 0 |
| BOTTOM OF THE 1ST |
|
Indianapolis Indians batting - Pitching for Gwinnett Braves : RHP Erick Marcano
|
|
Pitching: RHP Erick Marcano
|
|
|
Batting: LHB Jorge Quintana
|
0-0: Ball 1-0: Foul Ball, location: 2F 1-1: Foul Ball, location: 2F 1-2: SINGLE (Groundball, 34D, EV 105.6 MPH)
|
|
Batting: RHB David Contreras
|
0-0: Called Strike Jorge Quintana is caught stealing 2nd base 2-4 0-1: SINGLE (Line Drive, 89M, EV 90.0 MPH)
|
|
Batting: LHB Pat Sutton
|
0-0: Ball 1-0: Ball 2-0: Called Strike 2-1: Ball 3-1: Grounds out, U3 (Groundball, 3L, EV 100.0 MPH)
|
|
Batting: SHB Ben Myers
|
0-0: Ball 1-0: Ball 2-0: DOUBLE (Line Drive, 89D, EV 110.0 MPH) David Contreras scores
|
|
Batting: RHB Bubba Tierney
|
0-0: Ball 1-0: Ball 2-0: Called Strike 2-1: Ball 3-1: Base on Balls
|
|
Batting: RHB Chris McCoy
|
0-0: Fielders Choice at 2nd, 6-4 (Groundball, 56, EV 103.8 MPH)
|
| Bottom of the 1st over - 1 run, 3 hits, 0 errors, 2 left on base; Gwinnett 0 - Indianapolis 1 |
| TOP OF THE 2ND |
|
Gwinnett Braves batting - Pitching for Indianapolis Indians : RHP Walt Quinn
|
|
Batting: RHB Jake Lang
|
0-0: Foul Ball, location: 2F 0-1: Ball 1-1: Foul Ball, location: 2F 1-2: Ball 2-2: SINGLE (Line Drive, 4M, EV 93.8 MPH)
|
|
Batting: RHB Ian Sousa
|
0-0: Ball 1-0: Fielders Choice at 2nd, 3-6 (Groundball, 34, EV 109.4 MPH)
|
|
Batting: RHB Jesse Lester
|
0-0: Ball Ian Sousa steals 2nd base (no throw) 1-0: Foul Ball, location: 2F 1-1: Fly out, F7 (Flyball, 7S, EV 81.2 MPH)
|
|
Batting: LHB Kevin Waddell
|
0-0: Called Strike 0-1: Foul Ball, location: 2F 0-2: Ball 1-2: Ball 2-2: Ball 3-2: Foul Ball, location: 2F 3-2: Strikes out looking
|
| Top of the 2nd over - 0 runs, 1 hit, 0 errors, 1 left on base; Gwinnett 0 - Indianapolis 1 |
| BOTTOM OF THE 2ND |
|
Indianapolis Indians batting - Pitching for Gwinnett Braves : RHP Erick Marcano
|
|
Batting: RHB Caleb Russell
|
0-0: Called Strike 0-1: Ball 1-1: Fly out, F7 (Flyball, 78XD, EV 92.5 MPH)
|
|
Batting: RHB Toshimi Shishido
|
0-0: Ball 1-0: Called Strike 1-1: Ball 2-1: Foul Ball, location: 2F 2-2: Strikes out looking
|
|
Batting: RHB Danny Gallegos
|
0-0: Ball 1-0: Foul Ball, location: 2F 1-1: Fly out, F8 (Flyball, 8RD, EV 92.5 MPH)
|
| Bottom of the 2nd over - 0 runs, 0 hits, 0 errors, 0 left on base; Gwinnett 0 - Indianapolis 1 |
| TOP OF THE 3RD |
|
Gwinnett Braves batting - Pitching for Indianapolis Indians : RHP Walt Quinn
|
|
Batting: RHB Ethan McCullough
|
0-0: Called Strike 0-1: Ball 1-1: SINGLE (Groundball, 6MD, EV 97.5 MPH)
|
|
Batting: RHB Angel Lescano
|
0-0: Grounds into double play, 6-4-3 (Groundball, 6, EV 81.9 MPH)
|
|
Batting: LHB Davey Schonewille
|
0-0: Ball 1-0: Foul Ball, location: 2F 1-1: Foul Ball, location: 2F 1-2: Ball 2-2: Hit by Pitch
|
|
Batting: RHB Luis Revilla
|
0-0: Ball Pickoff Throw to First - Out! 1-3
|
| Top of the 3rd over - 0 runs, 1 hit, 0 errors, 0 left on base; Gwinnett 0 - Indianapolis 1 |
| BOTTOM OF THE 3RD |
|
Indianapolis Indians batting - Pitching for Gwinnett Braves : RHP Erick Marcano
|
|
Batting: LHB Jorge Quintana
|
0-0: Ball 1-0: Foul Ball, location: 2F 1-1: Foul Ball, location: 2F 1-2: Ball 2-2: Ball 3-2: SINGLE (Line Drive, 9LS, EV 88.8 MPH)
|
|
Batting: RHB David Contreras
|
0-0: Foul Ball, location: 2F 0-1: Grounds into double play, 5-4-3 (Groundball, 56S, EV 81.2 MPH)
|
|
Batting: LHB Pat Sutton
|
0-0: Ball 1-0: SOLO HOME RUN (Flyball, 9D, EV 99.4 MPH), Distance : 364 ft
|
|
Batting: SHB Ben Myers
|
0-0: Called Strike 0-1: Foul Ball, location: 2F 0-2: DOUBLE (Line Drive, 8RXD, EV 99.4 MPH)
|
|
Batting: RHB Bubba Tierney
|
0-0: Ball 1-0: Fly out, F7 (Flyball, 7LM, EV 85.6 MPH)
|
| Bottom of the 3rd over - 1 run, 3 hits, 0 errors, 1 left on base; Gwinnett 0 - Indianapolis 2 |
| TOP OF THE 4TH |
|
Gwinnett Braves batting - Pitching for Indianapolis Indians : RHP Walt Quinn
|
|
Batting: RHB Luis Revilla
|
0-0: Foul Ball, location: 2F 0-1: Foul Ball, location: 2F 0-2: Ball 1-2: SOLO HOME RUN (Flyball, 9D, EV 93.8 MPH), Distance : 356 ft
|
|
Batting: RHB Bill Turnbull
|
0-0: Ball 1-0: Ball 2-0: Ball 3-0: Base on Balls
|
|
Batting: RHB Jake Lang
|
0-0: Called Strike 0-1: Ball 1-1: Ball 2-1: Ball 3-1: Foul Ball, location: 2F 3-2: Base on Balls Bill Turnbull to second
|
|
Batting: RHB Ian Sousa
|
0-0: Ball Jake Lang steals 2nd base Bill Turnbull steals 3rd base 1-0: Called Strike 1-1: Foul Ball, location: 2F 1-2: Ball 2-2: Strikes out looking
|
|
Batting: RHB Jesse Lester
|
0-0: Fly out, F7 (Flyball, 7, EV 94.4 MPH)
|
|
Batting: LHB Kevin Waddell
|
0-0: Swinging Strike 0-1: Ball 1-1: Called Strike 1-2: Strikes out swinging
|
| Top of the 4th over - 1 run, 1 hit, 0 errors, 2 left on base; Gwinnett 1 - Indianapolis 2 |
| BOTTOM OF THE 4TH |
|
Indianapolis Indians batting - Pitching for Gwinnett Braves : RHP Erick Marcano
|
|
Batting: RHB Chris McCoy
|
0-0: Ball 1-0: Ball 2-0: Called Strike 2-1: Swinging Strike 2-2: Ball 3-2: Ground out 5-3 (Groundball, 56S, EV 81.2 MPH)
|
|
Batting: RHB Caleb Russell
|
0-0: Ball 1-0: Swinging Strike 1-1: Ball 2-1: Foul Ball, location: 2F 2-2: DOUBLE (Line Drive, 3D, EV 99.4 MPH)
|
|
Batting: RHB Toshimi Shishido
|
0-0: Foul Ball, location: 2F 0-1: Foul Ball, location: 2F 0-2: SINGLE (Line Drive, 56, EV 98.8 MPH) Caleb Russell to third
|
|
Batting: RHB Danny Gallegos
|
0-0: Ground out 6-3 (Groundball, 4MS, EV 82.5 MPH) Caleb Russell scores Toshimi Shishido to second
|
|
Batting: LHB Jorge Quintana
|
0-0: Swinging Strike 0-1: Foul Ball, location: 2F 0-2: Ball 1-2: Strikes out swinging
|
| Bottom of the 4th over - 1 run, 2 hits, 0 errors, 1 left on base; Gwinnett 1 - Indianapolis 3 |
| TOP OF THE 5TH |
|
Gwinnett Braves batting - Pitching for Indianapolis Indians : RHP Walt Quinn
|
|
Batting: RHB Ethan McCullough
|
0-0: Called Strike 0-1: Swinging Strike 0-2: Ball 1-2: Strikes out swinging
|
|
Batting: RHB Angel Lescano
|
0-0: Foul Ball, location: 2F 0-1: Foul Ball, location: 2F 0-2: Foul Ball, location: 2F 0-2: Foul Ball, location: 2F 0-2: Foul Ball, location: 2F 0-2: Ball 1-2: DOUBLE (Flyball, 78XD, EV 101.9 MPH)
|
|
Batting: LHB Davey Schonewille
|
0-0: Fly out, F8 (Flyball, 8LXD, EV 98.1 MPH) Runner from 2nd tags up, SAFE at 3rd, no throw by CF
|
|
Batting: RHB Luis Revilla
|
0-0: Ball 1-0: Called Strike 1-1: Ball 2-1: Called Strike 2-2: Foul Ball, location: 2F 2-2: Hit by Pitch
|
|
Pitching: RHP Mitch Ingerson
|
|
|
Batting: RHB Bill Turnbull
|
0-0: Called Strike 0-1: Ball 1-1: Swinging Strike 1-2: Foul Ball, location: 2F 1-2: Foul Ball, location: 2F 1-2: Fielders Choice at 2nd, U6 (Groundball, 6M, EV 81.9 MPH)
|
| Top of the 5th over - 0 runs, 1 hit, 0 errors, 2 left on base; Gwinnett 1 - Indianapolis 3 |
| BOTTOM OF THE 5TH |
|
Indianapolis Indians batting - Pitching for Gwinnett Braves : RHP Erick Marcano
|
|
Batting: RHB David Contreras
|
0-0: Called Strike 0-1: Ball 1-1: Called Strike 1-2: Fly out, F7 (Line Drive, 7, EV 100.6 MPH)
|
|
Batting: LHB Pat Sutton
|
0-0: Ball 1-0: Ground out 4-3 (Groundball, 4, EV 102.5 MPH)
|
|
Batting: SHB Ben Myers
|
0-0: Ball 1-0: DOUBLE (Flyball, 8RXD, EV 102.5 MPH)
|
|
Batting: RHB Bubba Tierney
|
0-0: Ball 1-0: Ball 2-0: Fly out, F8 (Flyball, 89D, EV 107.5 MPH)
|
| Bottom of the 5th over - 0 runs, 1 hit, 0 errors, 1 left on base; Gwinnett 1 - Indianapolis 3 |
| TOP OF THE 6TH |
|
Gwinnett Braves batting - Pitching for Indianapolis Indians : RHP Mitch Ingerson
|
|
Batting: RHB Jake Lang
|
0-0: Ball 1-0: Foul Ball, location: 2F 1-1: SINGLE (Groundball, 6MD, EV 105.6 MPH)
|
|
Batting: RHB Ian Sousa
|
0-0: Ball 1-0: Ball 2-0: Fielders Choice at 2nd, 6-4 (Groundball, 6, EV 88.1 MPH)
|
|
Batting: RHB Jesse Lester
|
0-0: Called Strike Ian Sousa steals 2nd base 0-1: Foul Ball, location: 2F 0-2: Foul Ball, location: 2F 0-2: Ball 1-2: Strikes out looking
|
|
Batting: LHB Kevin Waddell
|
0-0: Called Strike 0-1: Ball 1-1: Called Strike 1-2: Foul Ball, location: 2F 1-2: Strikes out swinging
|
| Top of the 6th over - 0 runs, 1 hit, 0 errors, 1 left on base; Gwinnett 1 - Indianapolis 3 |
| BOTTOM OF THE 6TH |
|
Indianapolis Indians batting - Pitching for Gwinnett Braves : RHP Erick Marcano
|
|
Batting: RHB Chris McCoy
|
0-0: Ball 1-0: Bunted foul 1-1: Swinging Strike 1-2: Foul Ball, location: 2F 1-2: Ball 2-2: Ground out 6-3 (Groundball, 6MD, EV 108.1 MPH)
|
|
Batting: RHB Caleb Russell
|
0-0: Ball 1-0: Foul Ball, location: 2F 1-1: SINGLE (Groundball, 34D, EV 94.4 MPH)
|
|
Batting: RHB Toshimi Shishido
|
0-0: Called Strike 0-1: Grounds into double play, 6-4-3 (Groundball, 6, EV 93.8 MPH)
|
| Bottom of the 6th over - 0 runs, 1 hit, 0 errors, 0 left on base; Gwinnett 1 - Indianapolis 3 |
| TOP OF THE 7TH |
|
Gwinnett Braves batting - Pitching for Indianapolis Indians : RHP Mitch Ingerson
|
|
Batting: RHB Ethan McCullough
|
0-0: Ball 1-0: Called Strike 1-1: Ball 2-1: Ball 3-1: Ground out 6-3 (Groundball, 56, EV 102.5 MPH)
|
|
Batting: RHB Angel Lescano
|
0-0: Swinging Strike 0-1: Ball 1-1: Swinging Strike 1-2: Ball 2-2: Ball 3-2: Foul Ball, location: 2F 3-2: Base on Balls
|
|
Batting: LHB Davey Schonewille
|
0-0: Called Strike 0-1: Ball 1-1: SINGLE (Groundball, 4S, EV 70.0 MPH) (infield hit) Angel Lescano to second
|
|
Batting: RHB Luis Revilla
|
0-0: Called Strike 0-1: Ball 1-1: Fly out, F9 (Flyball, 9LS, EV 91.9 MPH)
|
|
Batting: RHB Bill Turnbull
|
0-0: Fly out, F4 (Flyball, 34D, EV 76.2 MPH)
|
| Top of the 7th over - 0 runs, 1 hit, 0 errors, 2 left on base; Gwinnett 1 - Indianapolis 3 |
| BOTTOM OF THE 7TH |
|
Indianapolis Indians batting - Pitching for Gwinnett Braves : RHP Erick Marcano
|
|
Batting: RHB Danny Gallegos
|
0-0: Called Strike 0-1: Ball 1-1: Ground out 3-1 (Groundball, 34S, EV 90.0 MPH)
|
|
Batting: LHB Jorge Quintana
|
0-0: Called Strike 0-1: Ground out 4-3 (Groundball, 4S, EV 83.1 MPH)
|
|
Batting: RHB David Contreras
|
0-0: Ball 1-0: Foul Ball, location: 2F 1-1: Foul Ball, location: 2F 1-2: Ball 2-2: Ball 3-2: Foul Ball, location: 2F 3-2: SINGLE (Groundball, 6D, EV 101.9 MPH)
|
|
Batting: LHB Pat Sutton
|
0-0: 2-RUN HOME RUN (Flyball, 7D, EV 104.4 MPH), Distance : 393 ft
|
|
Pitching: RHP Nobuharu Kobayashi
|
|
|
Batting: SHB Ben Myers
|
0-0: Ball 1-0: Ball 2-0: Ball 3-0: Called Strike 3-1: Swinging Strike 3-2: Base on Balls
|
|
Batting: RHB Bubba Tierney
|
0-0: Called Strike 0-1: Swinging Strike 0-2: Ball 1-2: Ball 2-2: Strikes out swinging
|
| Bottom of the 7th over - 2 runs, 2 hits, 0 errors, 1 left on base; Gwinnett 1 - Indianapolis 5 |
| TOP OF THE 8TH |
|
Gwinnett Braves batting - Pitching for Indianapolis Indians : RHP Mitch Ingerson
|
|
Pitching: RHP Robby Granados
|
|
|
Batting: RHB Jake Lang
|
0-0: Swinging Strike 0-1: Called Strike 0-2: Ball 1-2: Foul Ball, location: 2F 1-2: Ball 2-2: Ball 3-2: SINGLE (Line Drive, 7S, EV 99.4 MPH)
|
|
Batting: RHB Ian Sousa
|
0-0: Called Strike 0-1: Ball 1-1: Ball 2-1: SINGLE (Groundball, 56, EV 99.4 MPH) (infield hit) Jake Lang to second
|
|
Batting: RHB Jesse Lester
|
0-0: Ball 1-0: Foul Ball, location: 2F 1-1: Ball 2-1: Ball 3-1: Foul Ball, location: 2F 3-2: Base on Balls Jake Lang to third Ian Sousa to second
|
|
Batting: LHB Kevin Waddell
|
0-0: Foul Ball, location: 2F 0-1: Swinging Strike 0-2: Strikes out looking
|
|
Batting: RHB Ethan McCullough
|
0-0: Swinging Strike 0-1: Grounds into double play, 4-6-3 (Groundball, 4, EV 91.9 MPH)
|
| Top of the 8th over - 0 runs, 2 hits, 0 errors, 2 left on base; Gwinnett 1 - Indianapolis 5 |
| BOTTOM OF THE 8TH |
|
Indianapolis Indians batting - Pitching for Gwinnett Braves : RHP Nobuharu Kobayashi
|
|
Batting: RHB Chris McCoy
|
0-0: Ball 1-0: Ball 2-0: Called Strike 2-1: SINGLE (Groundball, 6MS, EV 98.8 MPH)
|
|
Batting: RHB Caleb Russell
|
0-0: Grounds into double play, 4-6-3 (Groundball, 4, EV 111.2 MPH)
|
|
Batting: RHB Toshimi Shishido
|
0-0: Foul Ball, location: 2F 0-1: Ball 1-1: Foul Ball, location: 2F 1-2: Strikes out swinging
|
| Bottom of the 8th over - 0 runs, 1 hit, 0 errors, 0 left on base; Gwinnett 1 - Indianapolis 5 |
| TOP OF THE 9TH |
|
Gwinnett Braves batting - Pitching for Indianapolis Indians : RHP Robby Granados
|
|
Batting: RHB Angel Lescano
|
0-0: Ball 1-0: Called Strike 1-1: Called Strike 1-2: Ground out U3 (Groundball, 34, EV 90.6 MPH)
|
|
Batting: LHB Davey Schonewille
|
0-0: Ball 1-0: Ball 2-0: Ball 3-0: Base on Balls
|
|
Batting: RHB Luis Revilla
|
0-0: Ball 1-0: Swinging Strike 1-1: Called Strike 1-2: Ball 2-2: Foul Ball, location: 2F 2-2: Ground out 4-3 (Groundball, 4S, EV 69.4 MPH) Davey Schonewille to second
|
|
Batting: RHB Bill Turnbull
|
0-0: Called Strike 0-1: Ball 1-1: Ball 2-1: Fly out, F8 (Line Drive, 8LM, EV 93.8 MPH)
|
| Top of the 9th over - 0 runs, 0 hits, 0 errors, 1 left on base; Gwinnett 1 - Indianapolis 5 |
|